[Event "GER-ch Youth-U16 2022"]
[Site "Willingen"]
[Date "2022.06.07"]
[Round "4.13"]
[White "Bock, Marlon"]
[Black "Spriestersbach, Kai"]
[Result "0-1"]
[ECO "A48"]
[WhiteElo "1816"]
[BlackElo "1948"]
[Annotator "TA"]
[PlyCount "140"]
[EventDate "2022.06.05"]
[EventType "swiss"]
[EventRounds "9"]
[EventCountry "GER"]
[SourceTitle "playchess.com"]
[Source "ChessBase"]
[SourceQuality "1"]
[TimeControl "40/4500+30:900+30"]

1. d4 Nf6 2. Nf3 g6 3. Nc3 d5 4. Bf4 Bg7 5. Qd2 O-O 6. Bh6 Qd6 {[%emt 0:00:00] D00: 1 d4 d5: Unusual lines.} 7. Bxg7 Kxg7 {[%emt 0:00:00] [#]} 8. Rd1 $146 ({Predecessor:} 8. e3 c6 9. Ne5 Nbd7 10. f4 b5 11. Bd3 Nb6 12. O-O a5 13. a3 Nc4 14. Nxc4 bxc4 {½-½ (65) Hebden,M (2506)-Tikkanen,H (2591) Gatwick 2011}) 8... c6 {[%emt 0:00:00] Black is slightly better.} 9. e3 Nbd7 10. Be2 b5 11. O-O b4 12. Na4 Ne4 $1 13. Qc1 (13. Qd3 $15) 13... Nb6 $1 $36 {[%emt 0:00:36][%mdl 2048] Black has strong initiative.} 14. Nxb6 axb6 15. Qb1 Bg4 16. h3 Bxf3 {[%emt 0:00:43] Black is much more active.} 17. Bxf3 Ng5 $1 18. Be2 Ra5 19. c3 (19. Bd3 $142) 19... bxc3 20. bxc3 b5 {[%emt 0:00:40] Prevents c4.} 21. Bd3 {[%emt 0:08:48] Against Ne4} f5 22. f4 Nf7 23. Rf2 Qe6 24. Re2 Nd6 25. Rdd2 Rfa8 26. Rb2 R8a6 27. Kf2 Qc8 28. Ke1 Ra3 29. Rec2 Qc7 30. Rb3 R3a5 31. Rbb2 Ra8 32. Kd2 Qa7 33. Ke1 Ra3 34. Kd2 Qa5 35. Qa1 Ra7 36. Qb1 e6 37. Qa1 Qd8 38. Qe1 R7a5 39. Ke2 Qd7 40. Qb1 {[%emt 0:03:15] [#]} (40. Kf1 $142) 40... Qa7 $1 41. Kd2 R5a4 42. Qa1 Qa5 43. Qb1 Qa8 44. Qa1 Ra5 45. Qb1 Qa7 46. Ke2 Qa8 47. Kd2 $1 Ra7 48. Ke2 Qd8 49. Qe1 R3a6 (49... h5 {seems wilder.} 50. g4 hxg4 51. hxg4 Qa8) 50. Kd2 Kg8 (50... Qa8 {feels hotter.} 51. Qh4 h5 52. Ke2 Qh8) 51. Kd1 Nc8 52. g3 Nb6 53. Qd2 (53. Ke2 $142) 53... Rg7 ({Better is} 53... Nc4 54. Bxc4 dxc4) 54. Qe1 Qd6 55. Rg2 Ra3 56. g4 Ra8 (56... Rga7 $17 57. Qd2 Nc4 58. Bxc4 dxc4) 57. Qg1 Raa7 58. h4 (58. Rbc2 $15 {should be considered.}) 58... Nc4 59. Bxc4 dxc4 60. h5 Kf7 61. hxg6+ hxg6 62. g5 (62. Rh2 $11 {keeps the balance.}) 62... Qd5 63. Rh2 Ra3 64. Rbc2 (64. Qh1 $17) 64... Ke7 $15 65. Qh1 (65. Kc1 $142) 65... Kd6 $17 66. Rhg2 (66. Qxd5+ $17 {was called for.} exd5 67. Ke2) 66... Qf3+ $19 67. Kc1 Qxe3+ 68. Kb1 Qf3 (68... Qxf4 $19 {is more deadly. aiming for ...Re7.} 69. Rge2 Re7) 69. Qh8 {[%emt 0:00:53] [#]} Qf1+ $1 70. Kb2 $2 {[%emt 0:01:22][%mdl 8192] [#]} (70. Rc1 $17 Qxg2 71. Qf8+ Re7 72. Qd8+ Rd7 73. Qf8+ Kc7 74. Qxa3) 70... Rxa2+ $3 {[%emt 0:00:13][%mdl 33280] Weighted Error Value: White=0.12 (very precise) /Black=0.15 (very precise) . Loss on time!?} 0-1

[Event "GER-ch Youth-U16 2022"]
[Site "Willingen"]
[Date "2022.06.07"]
[Round "4.14"]
[White "Kort, Felix"]
[Black "Beyer, Lorenz"]
[Result "1-0"]
[ECO "D35"]
[WhiteElo "1894"]
[BlackElo "1512"]
[Annotator "NA RC COMBH"]
[PlyCount "41"]
[EventDate "2022.06.05"]
[EventType "swiss"]
[EventRounds "9"]
[EventCountry "GER"]
[SourceTitle "playchess.com"]
[Source "ChessBase"]
[SourceQuality "1"]
[TimeControl "40/4500+30:900+30"]

1. d4 d5 2. c4 e6 3. Nc3 Nf6 4. cxd5 exd5 5. Bg5 Be7 6. e3 Bf5 7. Bxf6 Bxf6 8. Qb3 Be6 9. Qxb7 Nd7 10. Nxd5 Bxd5 11. Qxd5 O-O 12. Bb5 c5 13. Bxd7 Qa5+ 14. Kf1 Rad8 15. dxc5 h6 16. g3 Rfe8 17. Rd1 Rxd7 18. Qxd7 Rd8 19. Qg4 Qa6+ $18 20. Kg2 Qb7+ 21. Nf3 1-0

[Event "GER-ch Youth-U16 2022"]
[Site "Willingen"]
[Date "2022.06.07"]
[Round "4.15"]
[White "Guo, Philipp Ziming"]
[Black "Ehrig, Leon Chris"]
[Result "1-0"]
[ECO "B32"]
[WhiteElo "1825"]
[BlackElo "1890"]
[Annotator "NA RC COMBH"]
[PlyCount "73"]
[EventDate "2022.06.05"]
[EventType "swiss"]
[EventRounds "9"]
[EventCountry "GER"]
[SourceTitle "playchess.com"]
[Source "ChessBase"]
[SourceQuality "1"]
[TimeControl "40/4500+30:900+30"]

1. e4 c5 2. Nf3 Nc6 3. d4 cxd4 4. Nxd4 e5 5. Nb5 d6 6. N1c3 a6 7. Na3 Be7 8. Nc4 Be6 9. Nd5 Bxd5 10. exd5 Nb8 11. Bd3 Nf6 12. Ne3 Nbd7 13. O-O Qc7 14. c4 g6 15. Bd2 O-O 16. Rc1 Ne8 17. b4 b6 18. Qb3 f5 19. f3 Nef6 (19... Bg5 $142) 20. Qb1 Nh5 21. Nd1 Qd8 22. Nf2 Bg5 23. Qc2 Rc8 24. Qb2 Qe7 25. Rfe1 Qf6 26. g3 Rce8 27. Nh3 Bxd2 28. Qxd2 e4 29. fxe4 fxe4 30. Bxe4 Rxe4 $18 31. Rxe4 Ne5 32. Qe2 Qf5 33. Kg2 Nf6 34. Rf4 Qd7 35. Rcf1 Neg4 36. Ng5 Re8 37. Ne6 1-0

[Event "GER-ch Youth-U16 2022"]
[Site "Willingen"]
[Date "2022.06.07"]
[Round "4.16"]
[White "Neuber, Pascal"]
[Black "Hecht, Jonas Christian"]
[Result "1-0"]
[ECO "C29"]
[WhiteElo "1802"]
[BlackElo "1884"]
[Annotator "NA RC COMBH"]
[PlyCount "79"]
[EventDate "2022.06.05"]
[EventType "swiss"]
[EventRounds "9"]
[EventCountry "GER"]
[SourceTitle "playchess.com"]
[Source "ChessBase"]
[SourceQuality "1"]
[TimeControl "40/4500+30:900+30"]

1. e4 e5 2. Nc3 Nf6 3. f4 d5 4. fxe5 Nxe4 5. Nf3 Bc5 6. d4 Bb4 7. Bd2 c5 8. a3 Bxc3 9. Bxc3 Bg4 10. Be2 Nc6 11. Qd3 cxd4 12. Bxd4 O-O 13. O-O Rc8 14. c3 Re8 15. Rad1 Qe7 ({Much less strong is} 15... Nxd4 16. Qxd4 Qc7 17. Qxd5 Bxf3 18. Bxf3 Rxe5 19. Qd4 $16) 16. Qb5 Red8 17. Rfe1 Ng5 18. Bc5 Nxf3+ 19. gxf3 Qg5 20. fxg4 Nxe5 21. h3 h5 22. h4 Qf4 23. Bf2 Nxg4 24. Bxg4 Qxg4+ 25. Kf1 Qh3+ 26. Kg1 Rd6 27. Rxd5 Rxd5 28. Qxd5 Rc6 29. Re8+ Kh7 30. Re5 Qg4+ (30... Rg6+ $142 31. Rg5 b6 32. Rxg6 fxg6) 31. Kf1 f6 32. Qe4+ Qxe4 33. Rxe4 g5 34. Re7+ Kg6 35. Rxb7 $18 a6 36. hxg5 Kxg5 37. Rb4 a5 38. Ra4 Ra6 39. b4 Rc6 40. Rxa5+ 1-0

[Event "GER-ch Youth-U16 2022"]
[Site "Willingen"]
[Date "2022.06.08"]
[Round "5.1"]
[White "Farokhi, Keyvan"]
[Black "Lutsko, Artem"]
[Result "1/2-1/2"]
[ECO "E04"]
[WhiteElo "2360"]
[BlackElo "2392"]
[Annotator "TA"]
[PlyCount "96"]
[EventDate "2022.06.05"]
[EventType "swiss"]
[EventRounds "9"]
[EventCountry "GER"]
[SourceTitle "playchess.com"]
[Source "ChessBase"]
[SourceQuality "1"]
[TimeControl "40/4500+30:900+30"]

1. d4 Nf6 2. c4 e6 3. Nf3 d5 4. g3 dxc4 5. Bg2 Bb4+ 6. Bd2 c5 {[%emt 0:00:00] E04: Open Catalan: 5 Nf3.} 7. Bxb4 cxb4 8. Ne5 O-O 9. Nxc4 {[%emt 0:00:00] 9.a3 deserves study.} Nc6 10. e3 e5 11. d5 {[%emt 0:00:00] Against Be6} (11. Nxe5 Nxe5 12. dxe5 Qxd1+ 13. Kxd1 Ng4 $11) 11... b5 {[%emt 0:00:07] [#]} 12. O-O $1 {[%emt 0:07:28] is the legacy move (12.dxc6).} bxc4 (12... Bg4 13. Qd2) 13. dxc6 Ba6 {[%emt 0:20:06][%cal Oc4c3] [#]} 14. Qc2 $146 {[%emt 0:12:37] Inhibits c3.} ({Predecessor:} 14. Qc1 Qb6 15. a3 c3 16. Re1 e4 17. axb4 cxb2 18. Qxb2 Qxc6 19. Nd2 Bd3 20. Nb3 {½-½ (56) Baburin,A (2520)-Moroni,L (2225) Porto San Giorgio 2013}) 14... e4 15. Rd1 Qb6 16. Nd2 $1 (16. Bxe4 $2 b3 17. Bxh7+ (17. axb3 $2 cxb3 18. Bxh7+ Nxh7 $19) 17... Nxh7 18. axb3 cxb3 $19) 16... Qxc6 (16... Rac8 $16 {was necessary.}) 17. a3 (17. Bxe4 Nxe4 18. Qxe4 Rfc8 $15) (17. Nxe4 $18 {Hoping for Rd6.} Rad8 18. Rd6 $1 Qxe4 19. Bxe4 Rxd6 20. Bg2) 17... Rab8 {[%emt 0:08:57] [#]} ({Black should play} 17... b3 $14 18. Nxb3 Qa4) 18. axb4 $1 $16 (18. Bxe4 b3 19. Bxc6 bxc2 $17) 18... Rxb4 19. Nxe4 {[%emt 0:00:23] aiming for Rd6.} ({Much worse is} 19. Bxe4 $6 Nxe4 20. Qxe4 Qb5 $11) 19... Nxe4 20. Bxe4 ({Don't play} 20. Qxe4 Qxe4 21. Bxe4 Bb5 $14) 20... Qf6 21. Qc3 (21. Bxh7+ $142 Kh8 22. Rd4) 21... Rb6 22. Qxf6 gxf6 23. Ra4 Bc8 24. Rd2 Ba6 25. Bd5 Rc8 26. Rc2 Rc5 27. e4 (27. Bxc4 $16 Rxc4 28. Rcxc4 Bxc4 29. Rxc4) 27... Kf8 (27... Kg7 $14) 28. f3 Rc7 29. Kf2 Ke7 30. Ke3 Bb5 31. Ra3 Kd8 32. h4 h6 33. Rac3 Ba6 34. Kd2 (34. Bxc4 $16 Bxc4 35. Rxc4 Rxc4 36. Rxc4) 34... f5 35. Kc1 ({Resist} 35. Bxc4 Bxc4 36. Rxc4 Rxc4 37. Rxc4 Rxb2+ 38. Ke3 fxe4 $14) 35... Rg6 36. f4 fxe4 37. Bxe4 Rd6 38. Rd2 Ke7 39. g4 Re6 40. Rd4 {[%emt 0:00:55] White is more active.} Rd6 41. Rxd6 Kxd6 {[%emt 0:00:00][%mdl 4096] Endgame KRB-KRB} 42. Kd2 f6 43. Bf3 (43. Rg3 $16) 43... Kc5 $11 {[%emt 0:00:00] The position is equal.} 44. Re3 Bb7 45. Bxb7 Rxb7 46. Kc2 Rg7 47. Rg3 Kd4 48. g5 fxg5 {[%emt 0:01:05] Black escapes into a draw.  Weighted Error Value: White=0.18 (very precise) /Black=0.13 (very precise)} 1/2-1/2

[Event "GER-ch Youth-U16 2022"]
[Site "Willingen"]
[Date "2022.06.08"]
[Round "5.2"]
[White "Petrovskyi, Vadym"]
[Black "Jaskulski, Jan"]
[Result "1-0"]
[ECO "B69"]
[WhiteElo "2330"]
[BlackElo "1727"]
[Annotator "TA"]
[PlyCount "55"]
[EventDate "2022.06.05"]
[EventType "swiss"]
[EventRounds "9"]
[EventCountry "GER"]
[SourceTitle "playchess.com"]
[Source "ChessBase"]
[SourceQuality "1"]
[TimeControl "40/4500+30:900+30"]

1. e4 c5 2. Nf3 d6 3. d4 cxd4 4. Nxd4 Nf6 5. Nc3 Nc6 6. Bg5 e6 7. Qd2 a6 8. O-O-O Bd7 9. f4 Be7 10. Nf3 b5 11. Bxf6 gxf6 12. Kb1 Qb6 13. f5 h5 {[%emt 0:02:59] B69: Sicilian: Richter-Rauzer: 7...a6 8 0-0-0 Bd7 9 f4 Be7 10 Nf3 b5 11 Bxf6.} 14. Ne2 O-O-O (14... Qf2 $14) 15. Nf4 $16 Rdg8 {[%emt 0:02:27] [#]} (15... Bf8 $16) 16. g3 $146 ({Predecessor:} 16. fxe6 fxe6 17. g3 Qc5 18. Bh3 Ne5 19. Nd4 Nc4 20. Qe1 e5 21. Nd5 Bxh3 22. Nxe7+ {1-0 (37) Walach,M (2367)-Zilka,S (2323) Karvina 2005}) 16... Ne5 17. Bh3 Ng4 (17... Nxf3 $16 {might work better.} 18. Qc3+ Bc6) 18. Nd4 e5 $2 {[%emt 0:03:10] A mistake that costs the game.} (18... d5 $16 19. Rhe1 (19. exd5 e5 $11) 19... Bd8) 19. Nd5 $1 {[%emt 0:00:26][%csl LRb6,LRe7] White is clearly winning.} Qd8 20. Nb3 {[%emt 0:06:56] Pair of Knights!} Bc6 21. c4 {[%emt 0:14:44] [#] Black must now prevent cxb5.} ({Much less strong is} 21. Qc3 Kd7 22. Bxg4 (22. Na5 Bxd5 23. exd5 Qc7 $14) 22... hxg4 23. Nc5+ (23. Na5 Bxd5 24. Rxd5 Qb6 $14) 23... Ke8 $18) 21... Kd7 22. cxb5 axb5 23. Rc1 Bxd5 24. Qxd5 ({Weaker is} 24. exd5 Qa8 $16) 24... Ke8 25. Bxg4 hxg4 26. Qb7 Qd7 27. Rc7 Qd8 28. Rc8 {[%emt 0:00:25] Weighted Error Value: White=0.12 (very precise) /Black=0.73} 1-0

[Event "GER-ch Youth-U16 2022"]
[Site "Willingen"]
[Date "2022.06.08"]
[Round "5.3"]
[White "Bakiev, Diyor"]
[Black "Sidletskyi, Ivan"]
[Result "1-0"]
[ECO "B31"]
[WhiteElo "2157"]
[BlackElo "2084"]
[Annotator "TA"]
[PlyCount "119"]
[EventDate "2022.06.05"]
[EventType "swiss"]
[EventRounds "9"]
[EventCountry "GER"]
[SourceTitle "playchess.com"]
[Source "ChessBase"]
[SourceQuality "1"]
[TimeControl "40/4500+30:900+30"]

1. e4 c5 2. Nf3 Nc6 3. Bb5 g6 4. Bxc6 dxc6 5. d3 Qc7 6. Be3 {[%emt 0:00:00] B31: Sicilian: 2...Nc6 3 Bb5 g6.} e5 7. Nbd2 Nf6 {[%emt 0:00:00] [#]} 8. h3 $146 {[%emt 0:04:21] The position is equal.} ({Predecessor:} 8. Nc4 Nh5 9. Qd2 f6 10. a4 Be6 11. Qc3 a5 12. h3 Be7 13. g4 Ng7 14. g5 {1-0 (46) Nguyen,N (2641)-Barseghyan,A (2362) Chess.com INT 2020}) 8... Be6 9. a4 h6 10. a5 Rd8 (10... O-O-O $11) 11. Qc1 g5 12. Nh2 Nh5 13. Ng4 Nf4 14. g3 {[%emt 0:03:31] [#]} Ng2+ (14... Be7 $1 $15) 15. Kf1 $11 Nxe3+ 16. Nxe3 h5 17. Kg2 Qd7 (17... f6 $11) 18. Qd1 (18. h4 $5 ) 18... f6 19. Qf3 Kf7 20. Ndc4 {[%emt 0:03:57] Hoping for Nxe5+.} Kg6 21. g4 {[%emt 0:01:52] White is more active.} (21. b3 $16) 21... h4 22. Nf5 Rh7 23. Qe3 Qc7 24. Rhb1 Rhd7 25. b3 Ra8 26. Ra2 Rb8 27. Qe1 b5 28. axb6 $1 axb6 29. Nce3 {[%emt 0:03:14] Pair of Knights!} Qd8 30. Rba1 b5 31. Ra6 Rc7 32. Qa5 c4 (32... Qc8 $14) 33. bxc4 $18 bxc4 34. Nxc4 Bb4 $2 {[%emt 0:01:34] [#]} (34... Rb5 $16 35. Qa4 Rb4) 35. Nxe5+ $1 fxe5 36. Qxe5 {[%emt 0:00:04][%cal Oa6c6] And now Rxc6! would win.} Bxf5 37. Qxf5+ (37. gxf5+ $18 Kf7 38. Ra7) 37... Kg7 $11 38. Qe5+ Kh7 $2 {[%emt 0:00:35][%mdl 8192] [#]} (38... Kf7 $1 $11) 39. Qf5+ $2 (39. Rxc6 $1 $18 Rf7 (39... Rbb7 40. Ra8) 40. Raa6) 39... Kg7 $1 40. Qe5+ $2 (40. Ra7 $11 Bd6 41. R1a6) 40... Kh7 $18 {[%emt 0:00:47] [#]} 41. Rxc6 $3 Rf7 (41... Rbb7 42. Ra8) 42. Raa6 {[%emt 0:00:11] White wants to mate with Rh6+.} ({Less strong is} 42. Qe6 Rbb7 43. Rb1 (43. f4 gxf4 44. Qg6+ Kh8 $16) 43... Bf8 44. Rxb7 Rxb7 45. Qf5+ Kg8 $18) 42... Bf8 {[%emt 0:00:00] Against Rh6+} 43. Qe6 Qe7 (43... Rg7 {keeps fighting.} 44. Qh6+ Kg8) 44. Qg6+ Kh8 45. Re6 Rg7 46. Qf5 ({Weaker is} 46. Rxe7 Rxg6 47. Rxg6 Bxe7 $16) 46... Qf7 (46... Qd7 47. Rg6 Qxf5 48. gxf5 Bb4 49. Rh6+ Rh7) 47. Rf6 Qe7 48. Rae6 Qc5 49. Re5 {[%emt 0:00:50] Rh6+ would kill now.} Qc8 50. Rh6+ Kg8 51. Qf6 Rbb7 52. Rxg5 Rbf7 53. Qb2 Qc7 {[%emt 0:03:19] Strongly threatening ...Qf4.} 54. Rhh5 ({White should try} 54. Rf5 Rxf5 55. exf5) 54... Rxf2+ $16 {[%emt 0:14:47][%mdl 64] Decoy} 55. Kxf2 {[%emt 0:00:04][%cal Bg2f2,Bf2e2,Be2e1,Be1d2,Bd2c3][%mdl 32] The board is on fire.} Qg3+ 56. Ke2 Qg2+ 57. Ke1 Qg1+ $2 {[%emt 0:01:13][%mdl 8192] [#]} (57... Qg3+ $16 58. Ke2 Qg2+ 59. Ke3 Qxh3+ 60. Kd4 Qf1 61. Qb3+ Qf7 62. Rxg7+ Bxg7+ 63. e5 h3 64. Rxh3 Qxb3 65. cxb3 Bf8) 58. Kd2 $1 $18 {[%emt 0:00:28][%cal Rb2b3] White is clearly winning.} Qh2+ {[%emt 0:02:01] [#]} 59. Kc3 $1 Qf4 60. Qb3+ {[%emt 0:00:23] Weighted Error Value: White=0.46/Black=0.34} 1-0

[Event "GER-ch Youth-U16 2022"]
[Site "Willingen"]
[Date "2022.06.08"]
[Round "5.4"]
[White "Trushko, Andrii"]
[Black "Laux, Dominik"]
[Result "0-1"]
[ECO "A43"]
[WhiteElo "1897"]
[BlackElo "2263"]
[Annotator "TA"]
[PlyCount "130"]
[EventDate "2022.06.05"]
[EventType "swiss"]
[EventRounds "9"]
[EventCountry "GER"]
[SourceTitle "playchess.com"]
[Source "ChessBase"]
[SourceQuality "1"]
[TimeControl "40/4500+30:900+30"]

1. d4 c5 2. d5 Nf6 3. c4 g6 4. Nc3 Bg7 5. e4 d6 6. Bd3 O-O 7. Nge2 e6 8. f3 {[%emt 0:00:00] E70: King's Indian: Miscellaneous lines with 4 e4, including 5 Nge2 and 5 Bd3 0-0 6 Nge2.} exd5 9. exd5 (9. Nxd5 Nxd5 10. cxd5 f5 $15) 9... Nbd7 10. Bg5 {[%emt 0:00:00] The position is equal.} Re8 {[%emt 0:04:57] [#]} 11. O-O $146 ({Predecessor:} 11. f4 Qb6 12. Qd2 Ng4 13. h3 Ne3 14. f5 Nxf5 15. Bxf5 gxf5 16. O-O-O Ne5 17. b3 {0-1 (24) Huelsdunk,H (1691)-Simon,E (1889) Frankfurt 2005}) 11... Ne5 12. Qd2 a6 13. a4 h6 14. Bf4 Nxd3 15. Qxd3 Bf5 16. Qd2 g5 17. Be3 Qa5 (17... Bg6 $15) 18. h4 $11 Qb4 19. hxg5 hxg5 20. Ng3 Bg6 21. Bxg5 Qxc4 22. Qf4 ({White should play} 22. Rf2 $11) 22... Qd4+ $15 23. Qxd4 cxd4 24. Bxf6 Bxf6 25. Nce4 Bh4 26. Kh2 ({Better is} 26. Rad1 $15) 26... Re5 $17 27. Rad1 Rxd5 (27... Kg7 $1 $17 {And now ...Rh8 would win.} 28. Rxd4 Rh8) 28. Kh3 (28. Ne2 $1 $11 {keeps the balance.}) 28... Be7 29. f4 Kg7 30. Nc3 Rc5 (30... dxc3 $6 31. Rxd5 Rh8+ 32. Kg4 Rh4+ 33. Kf3 cxb2 34. Ne4 $11) 31. Rxd4 Bf6 32. Rd5 Rc4 33. Kg4 Rh8 34. Rh1 {[%emt 0:01:34] Against Rh4+} (34. Nf5+ $1 $15 Bxf5+ 35. Rxf5) 34... Rxh1 $19 35. Nxh1 {[%emt 0:00:03] [#]} Be5 $1 {[%emt 0:01:54] A strong pair of Bishops.} 36. g3 Kf6 (36... Bxc3 $19 37. bxc3 Be4 38. Rg5+ Kf8) 37. Nf2 $17 Ke6 38. Rd2 Bf5+ 39. Kh5 Bxc3 40. bxc3 Rxc3 {[%emt 0:01:18][%mdl 4096] Endgame KRB-KRN} (40... Rc8 $17 {( -> ...Rh8+)} 41. Ng4 Rxc3 42. Re2+ Kd7 43. Nf6+ Kc6) 41. g4 $15 Bc2 42. f5+ {[%emt 0:01:08] White is now going downhill.} (42. a5 $15) 42... Ke5 $17 {[%emt 0:04:06] Strongly threatening ...b5. Black is more active.} 43. Kg5 {[%emt 0:02:34] [#]} (43. Kh6 $17 {was called for.}) 43... d5 ({Not} 43... Bxa4 44. Re2+ Kd5 45. Rd2+ Kc6 46. Kf6 $11) (43... b5 $1 $19 44. axb5 axb5) 44. Kh6 $2 (44. Re2+ $17 Be4 45. a5) 44... d4 ({Avoid the trap} 44... Bxa4 $2 45. Kg7 $19) 45. Kg7 (45. a5 {was the only defense.}) 45... Rc7 $19 ({Stronger than} 45... Bxa4 46. Kxf7 Bc2 47. Kg7 $19) 46. f6 Kf4 {[%emt 0:00:00] White must now prevent ...Ke3.} 47. Rxd4+ $2 (47. Nd1 d3 48. g5) 47... Ke3 48. Rb4 Kxf2 {[%emt 0:00:00] KRB-KR} 49. a5 Kf3 50. g5 Bg6 51. Kh6 Rd7 52. Rb2 Ke3 53. Rb3+ Kd4 54. Rb4+ Kc5 55. Rb6 Be4 56. Kg7 Bd3 57. Kf8 Bg6 58. Kg7 Kd4 {[%emt 0:00:14] ...Kc4 is the strong threat.} 59. Kh6 Kc3 60. Re6 Rd5 (60... fxe6 $142 61. Kxg6 Rd5 62. Kf7 Rxg5 63. Kxe6 Rg2 64. f7 Rf2 65. Kd7 Rxf7+ 66. Ke6 Rf1 67. Ke5 Ra1 68. Ke6 Rxa5 69. Kd7 b5 70. Kc7 b4 71. Kb6 Rf5 72. Kc6 b3 73. Kd6 b2 74. Ke7 b1=Q 75. Ke6 Qe4+ 76. Kd6 Qd5+ 77. Ke7 Rf7+ 78. Ke8 Qd7#) 61. Re8 Rxa5 62. Rg8 Kd4 {[%emt 0:02:29] Hoping for ...Rd5.} 63. Rxg6 fxg6 {[%emt 0:00:02] Black mates.} 64. Kxg6 Ke4 65. Kh6 Rf5 {[%emt 0:00:22] Weighted Error Value: White=0.66/Black=0.18 (very precise)} 0-1

[Event "GER-ch Youth-U16 2022"]
[Site "Willingen"]
[Date "2022.06.08"]
[Round "5.5"]
[White "Mimkes, Antal"]
[Black "Foerster-Yialamas, Lucas"]
[Result "0-1"]
[ECO "A45"]
[WhiteElo "1696"]
[BlackElo "2117"]
[Annotator "TA"]
[PlyCount "74"]
[EventDate "2022.06.05"]
[EventType "swiss"]
[EventRounds "9"]
[EventCountry "GER"]
[SourceTitle "playchess.com"]
[Source "ChessBase"]
[SourceQuality "1"]
[TimeControl "40/4500+30:900+30"]

1. d4 Nf6 2. g4 Nxg4 3. e4 d6 4. h3 Nf6 5. Nc3 c6 6. Nf3 {[%emt 0:00:00] A45: Trompowsky Attack.} g6 7. Be3 Bg7 8. Qd2 {[%emt 0:00:00] [#] Black is better.} Qa5 $146 ({Predecessor:} 8... b5 9. Bd3 Qa5 10. b4 Qxb4 11. Ke2 Qa5 12. a3 Nbd7 13. e5 dxe5 14. dxe5 Nh5 {½-½ (44) Gibbins,W-Barton corr 1969}) 9. Be2 h6 10. O-O-O Be6 11. d5 ({Better is} 11. a3 $1 $15) 11... cxd5 $17 (11... Nxe4 12. Nxe4 Qxd2+ 13. Kxd2 (13. Bxd2 Bxd5 14. Nc3 Be6 $16) (13. Nfxd2 cxd5 14. Ng3 d4 $11) (13. Rxd2 Bxd5 14. Nc3 Bxc3 $16) 13... Bxd5 14. Nc3 $16) 12. exd5 {[%emt 0:00:46] [#]} Bd7 (12... Nxd5 $1 $17 13. Nxd5 Qxa2) 13. Nd4 (13. Rhe1 $15) 13... Na6 (13... Nxd5 $17 14. Nb3 Bxc3 $1 15. Nxa5 Bxd2+ 16. Bxd2 b6) 14. Nb3 $15 Qd8 15. Bf3 h5 16. Ne4 Bf5 (16... Rc8 $5 17. Kb1 O-O $15) 17. Nxf6+ Bxf6 18. Bd4 {[%emt 0:01:58] [#]} ({White should play} 18. Nd4 $1 $15) 18... Rc8 $1 $36 {[%emt 0:14:49][%mdl 2048] White is under strong pressure.} 19. Bc3 (19. Na1 $17 {was worth a try.}) 19... e5 {[%emt 0:00:57] And now ...Bg5 would win.} 20. Kb1 ({Don't go for} 20. dxe6 $2 Bg5 21. Bc6+ (21. exf7+ $2 Kf8 $19) 21... Rxc6 $19) (20. Qe2 $17) 20... Qc7 ({Black should try} 20... Nc5 $19 {Threatens to win with ...Na4.} 21. Nxc5 Rxc5) 21. Be2 (21. Rde1 $17) 21... Nc5 22. Nxc5 Qxc5 23. Bd3 Bxd3 24. Qxd3 Qc4 25. Qe3 {[%emt 0:02:08] [#]} O-O $1 26. Qc1 (26. Rhe1 $17 {was called for.}) 26... Qb5 $19 {[%emt 0:01:11] White must now prevent ...Rxc3.} 27. Bd2 Rfd8 (27... Qxd5 28. Bh6 Qc6 29. Bxf8 Kxf8 30. Rhe1 $15) 28. Bg5 Bxg5 29. Qxg5 Qc4 30. Qd2 (30. Rd2 $142) 30... Rc5 31. Rhg1 Kh7 32. c3 Rdc8 ({Inferior is} 32... Ra5 33. b3 Qe4+ 34. Qd3 Qxd3+ 35. Rxd3 $17) 33. Rg3 b5 ({Stronger than} 33... Ra5 34. b3 Qe4+ 35. Kb2) 34. Ka1 (34. Qd3 {is a better defense.}) 34... b4 35. b3 bxc3 {[%emt 0:00:10] aiming for ...Qe4.} 36. Qc2 {[%emt 0:00:23] Prevents Qe4.} Qf4 37. Rdg1 (37. Kb1 $142) 37... Qd2 {Weighted Error Value: White=0.43/Black=0.18 (very precise)} 0-1

[Event "GER-ch Youth-U16 2022"]
[Site "Willingen"]
[Date "2022.06.08"]
[Round "5.6"]
[White "Chassard, Cedric"]
[Black "Ohler, Julius"]
[Result "0-1"]
[ECO "B12"]
[WhiteElo "2051"]
[BlackElo "2011"]
[Annotator "TA"]
[PlyCount "62"]
[EventDate "2022.06.05"]
[EventType "swiss"]
[EventRounds "9"]
[EventCountry "GER"]
[SourceTitle "playchess.com"]
[Source "ChessBase"]
[SourceQuality "1"]
[TimeControl "40/4500+30:900+30"]

1. e4 c6 2. d4 d5 3. e5 Bf5 4. Nf3 e6 5. Be2 Ne7 6. O-O c5 7. Be3 cxd4 8. Nxd4 Nbc6 9. Bb5 {[%emt 0:00:00] B12: Caro-Kann: Advance Variation.} a6 10. Bxc6+ Nxc6 11. Nxf5 {[%emt 0:00:00] White has an edge.} exf5 12. c3 {[%emt 0:00:00] Prevents d4.} Be7 13. Nd2 Nxe5 14. Bd4 {[%emt 0:01:41] [#]} Nc6 $146 ({Predecessor:} 14... f6 15. Qb3 Qd7 16. Rfd1 Nc6 17. Nf1 Na5 18. Qc2 O-O 19. Rd3 f4 20. Rad1 Qf5 {½-½ (20) Karjakin,S (2753)-Dreev,A (2670) St Petersburg 2018}) 15. Bxg7 Rg8 16. Bd4 Nxd4 17. cxd4 Qd6 18. Qb3 O-O-O 19. Rfe1 Kb8 20. Nf3 Bf6 21. Ne5 {[%emt 0:02:17] Prevents Rg4.} (21. Qd3 $5 ) 21... Bxe5 22. Rxe5 Rg4 23. Rae1 ({Much weaker is} 23. Rxf5 Qg6 24. Qf3 Rxg2+ $1 25. Qxg2 Qxf5 26. Qg3+ Ka7 $17) 23... Rxd4 24. Rxf5 Rb4 25. Qc2 Qg6 $40 {[%emt 0:18:27][%mdl 128] Hoping for ...Rf4. Black mounts an attack.} 26. b3 $2 {[%emt 0:08:08][%mdl 8192] [#]} (26. g3 $11) 26... Rf4 $1 $19 ({Less strong is} 26... Rg8 27. g3 $14) 27. Rc1 {[%emt 0:03:00] [#]} Rg8 $1 {[%emt 0:01:42][%csl Gg8][%cal Rg6g2] Active counter play!} 28. Qc7+ (28. g3 Rxf5) 28... Ka8 29. Qc8+ Rxc8 ({And not} 29... Ka7 30. Qxg8 Rxf5 31. Qxg6 fxg6 32. Rc7 $11) 30. Rxc8+ Ka7 31. Rxf4 Qb6 $2 {[%mdl 32768] Weighted Error Value: White=1.14/Black=0.06 (flawless) . Loss on time!?} (31... Qb1+ {mates} 32. Rc1 Qxc1#) 0-1